Cogmind - Beta 14 @@@ ROGUE MODE // 2024.08.21 @ 00:18:05 Player: Zaros426 Result: Destroyed by H-55 Commando with Gauss Rifle Performance ------------- Evolutions (0) 0 Regions Visited (3) 600 Robots Destroyed (48) 240 Value Destroyed (1214) 1214 Prototype IDs (39) 780 Alien Tech Used (0) 0 Bonus (300) 300 TOTAL SCORE: 3134 Bonus ------- Aligned with FarCom 300 Cogmind --------- Core Integrity 0/250 Matter 107/300 Energy 100/100 System Corruption 3% Temperature Cool (0) Movement Core (350) Ox6 Location -10/Exiles Parts ------- > --- POWER (1) -------- (None) > --- PROPULSION (2) --- (None) > --- UTILITY (2) ------ Large Storage Unit > --- WEAPON (2) ------- (None) > --- INVENTORY (15) --- Large Storage Unit Structural Scanner Signal Interpreter Signal Interpreter Improved Terrain Scanner Seismic Detector Improved Trap Extractor (0/6) PSU Rigger AWS/Thermal Ion Cannon AWS/Gauss Datajack Scythe Peak State ------------ > --- POWER ------------ Ion Engine > --- PROPULSION ------- Light Treads Light Treads > --- UTILITY ---------- Large Storage Unit Improved Trap Extractor > --- WEAPON ----------- Particle Gun Particle Gun > --- INVENTORY -------- Heat Sink Large Storage Unit Structural Scanner Signal Interpreter Signal Interpreter Improved Terrain Scanner Seismic Detector Light Armor Plating EM Pulse Gun Ion Cannon Grenade Launcher Grenade Launcher Grenade Launcher Datajack Scythe [Rating: 14] Favorites ----------- Power Ion Engine Engine Ion Engine Propulsion Light Treads Treads Light Treads Wheel Wheel Utility Large Storage Unit Device Seismic Detector Storage Large Storage Unit Protection Light Armor Plating Weapon Particle Gun Energy Gun Particle Gun Energy Cannon Ion Cannon Ballistic Gun Assault Rifle Launcher Grenade Launcher Slashing Weapon Scythe Special Melee Weapon Datajack Build | -11 -10 -10 -10 ------- Run | Yrd Mat Min Exi Slots Evolved . | . . . . Power . | . . . . Propulsion . | . . . . Utility . | . . . . Weapon . | . . . . Parts Attached 36 | 7 11 11 7 Power 1 | 1 . . . Engine 1 | 1 . . . Core . | . . . . Reactor . | . . . . Propulsion 12 | 2 4 4 2 Treads 6 | . 2 2 2 Leg . | . . . . Wheel 6 | 2 2 2 . Hover . | . . . . Flight . | . . . . Utility 7 | 2 3 2 . Device 2 | 1 . 1 . Storage 3 | 1 2 . . Processor . | . . . . Hackware . | . . . . Protection 2 | . 1 1 . Artifact . | . . . . Weapon 16 | 2 4 5 5 Energy Gun 7 | 2 2 3 . Energy Cannon 1 | . . 1 . Ballistic Gun 1 | . 1 . . Ballistic Cannon . | . . . . Launcher 5 | . 1 1 3 Special Weapon . | . . . . Impact Weapon . | . . . . Slashing Weapon 1 | . . . 1 Piercing Weapon . | . . . . Special Melee Weapon 1 | . . . 1 Unidentified Prototypes . | . . . . Parts Lost 8 | . 1 1 6 Power 1 | . . . 1 Propulsion 3 | . . 1 2 Utility 1 | . . . 1 Weapon 3 | . 1 . 2 Highest Loss Streak 5 | . 1 1 5 To Critical Strikes . | . . . . Average Slot Usage (%) 99 | . 99 98 98 Engine 14 | . 14 14 14 Treads 14 | . 13 15 13 Wheel 13 | . 14 11 14 Device 5 | . 13 . . Storage 14 | . 14 14 14 Protection 8 | . . 14 13 Energy Gun 15 | . 18 19 . Energy Cannon 1 | . . . 7 Ballistic Gun 1 | . 3 . . Launcher 7 | . 5 7 11 Special Melee Weapon 1 | . . . 6 Peak Build Rating 14 | 7 9 14 13 Average Rating 9 | 5 8 9 11 On Entrance 7 | . 7 9 12 Naked Turns . | . . . . Heaviest Build 37 | 15 34 37 37 Greatest Support 40 | 20 40 40 40 Greatest Overweight (x) 6 | . 1 3 6 Average Overweight (x) . | . . . . Largest Inventory Capacity 15 | 8 15 15 15 Average Capacity 13 | 6 12 15 15 Most Carried 15 | 4 15 15 15 Average Carried 12 | 2 9 14 13 Final Capacity 15 | 8 15 15 15 Final Carried 15 | 4 14 15 15 Class Distribution -------------------- 100% | Mutant Dominant Class ---------------- Mutant | -10/Materials Mutant | -10/Mines Mutant | -10/Exiles Resources | -11 -10 -10 -10 ----------- Run | Yrd Mat Min Exi Matter Collected 641 | 270 228 142 1 Remotely . | . . . . Salvage Created 1110 | 105 526 185 294 Parts 93 | 6 49 18 20 Haulers Intercepted 2 | . 2 . . Recyclers Shooed 1 | 1 . . . Parts Field Recycled . | . . . . Retrieved Matter . | . . . . Parts Self-Destructed . | . . . . Prevented . | . . . . Kills | -11 -10 -10 -10 ------- Run | Yrd Mat Min Exi Combat Hostiles Destroyed 33 | . 13 5 15 Melee 1 | . . . 1 Guns 7 | . 6 1 . AOE 25 | . 7 4 14 Classes Destroyed 10 | 2 5 1 2 Worker 3 | . . 3 . Builder 4 | . 3 1 . Tunneler 2 | 1 . 1 . Hauler 2 | . 2 . . Recycler 1 | 1 . . . Watcher 3 | . 3 . . Swarmer 9 | . 6 3 . Grunt 19 | . 7 2 10 Duelist 1 | . . . 1 Hunter 4 | . . . 4 Best Kill Streak 15 | 1 4 5 15 Combat Bots Only 15 | . 4 3 15 Max Kills in Single Turn 5 | 1 2 3 5 Gunslinging . | . . . . Exploded 5 | . 2 2 5 Melee 1 | . . . 1 Uniques/NPCs Destroyed . | . . . . Combat | -11 -10 -10 -10 -------- Run | Yrd Mat Min Exi Hostile Shots Fired 135 | . 41 16 78 Missed 51 | . 19 8 24 Damage Taken 1136 | . 228 123 785 Core 257 | . 22 50 185 Absorbed by Shields . | . . . . Core Remaining (%) 100 | 100 . . . Volleys Fired 82 | 9 49 18 6 Largest 2 | 2 2 2 2 Hottest 130 | 90 95 130 60 Shots Fired 136 | 18 78 29 11 Gun 112 | 18 70 24 . Cannon 1 | . . 1 . Launcher 23 | . 8 4 11 Special . | . . . . Kinetic 13 | . 13 . . Thermal 75 | 9 47 19 . Explosive 23 | . 8 4 11 Electromagnetic 25 | 9 10 6 . Robot Hit Streak 11 | 7 11 6 1 Robot Miss Streak 3 | 1 3 1 1 Penetration Max . | . . . . Secondary Targets . | . . . . Shots Hit Robots 73 | 13 43 11 6 Core Hits 81 | 3 30 13 35 Critical Kills . | . . . . Critical Parts Destroyed . | . . . . Critical Strikes 1 | 1 . . . Burn 1 | 1 . . . Melee Attacks 6 | . . . 6 Impact . | . . . . Slashing 2 | . . . 2 Piercing . | . . . . Sneak Attacks 4 | . . . 4 Combat Hostiles . | . . . . Follow-up Attacks . | . . . . Damage Inflicted 2798 | 170 971 391 1266 Guns 941 | 170 592 179 . Cannons . | . . . . Explosions 1835 | . 379 212 1244 Melee 22 | . . . 22 Ramming . | . . . . Kinetic 81 | . 81 . . Thermal 577 | 74 393 110 . Explosive 1835 | . 379 212 1244 Electromagnetic 283 | 96 118 69 . Impact . | . . . . Slashing 22 | . . . 22 Piercing . | . . . . Highest Corruption 3 | . 1 1 3 Average Corruption 1 | . 1 1 1 Corruption Purged . | . . . . Corruption Blocked . | . . . . Effects 21 | . 9 7 5 Message Errors 4 | . 2 1 1 Matter Fused 5 | . 1 3 1 Heat Flow Errors 3 | . 2 . 1 Energy Discharges 4 | . 1 2 1 Data Loss (minor) 2 | . 1 . 1 Data Loss (major) 3 | . 2 1 . Overload Shots . | . . . . Overflow Damage 12 | . 10 . 2 Projectiles . | . . . . Explosions 12 | . 10 . 2 Melee . | . . . . Knockbacks . | . . . . Impact . | . . . . Kinetic . | . . . . Secondary . | . . . . Self-Inflicted Damage . | . . . . Shots . | . . . . Rammed . | . . . . Targets Rammed . | . . . . Kicked . | . . . . Crushed . | . . . . Highest Temperature 261 | 210 252 261 156 Average Temperature 75 | 107 71 74 54 Received Heat Transfer 183 | . 72 51 60 Effects 1 | . 1 . . Energy Bleed 1 | . 1 . . Siege Activations . | . . . . Robots Corrupted . | . . . . Combat Hostiles . | . . . . Parts Fried . | . . . . Impact Corruptions . | . . . . Robots Melted . | . . . . Combat Hostiles . | . . . . Parts Melted 2 | . 2 . . Heat Transferred 1554 | 296 999 259 . Parts Sabotaged . | . . . . Parts Stolen . | . . . . Parts Stripped . | . . . . Power Chain Reactions . | . . . . Alert | -11 -10 -10 -10 ------- Run | Yrd Mat Min Exi Peak Influence 295 | 10 242 295 . Initial 94 | . 6 94 . Average 122 | 4 93 157 . Maximum Alert Level 1 | . 1 1 . Low Security (%) 73 | 100 93 54 . Level 1 26 | . 6 45 . Level 2 . | . . . . Level 3 . | . . . . Level 4 . | . . . . Level 5 . | . . . . High Security . | . . . . Max Security . | . . . . Squads Dispatched 5 | . 5 . . Investigation 3 | . 3 . . Extermination . | . . . . Reinforcement 2 | . 2 . . Assault . | . . . . Garrison . | . . . . Intercept . | . . . . Searches Triggered . | . . . . Construction Impeded . | . . . . Haulers Reinforced . | . . . . Active Scanning Responses . | . . . . Cargo Convoy Interrupts . | . . . . Stealth | -11 -10 -10 -10 --------- Run | Yrd Mat Min Exi Distress Signals 1 | . 1 . . Communications Jammed . | . . . . Distress Signals . | . . . . Times Spotted 55 | . 24 6 25 Peak Tracking Total 13 | . 4 3 13 Tactical Retreats 4 | . 3 1 . Traps | -11 -10 -10 -10 ------- Run | Yrd Mat Min Exi Traps Triggered 4 | . 3 1 . Indirectly . | . . . . Trap Hack Attempts . | . . . . Triggered . | . . . . Disarmed . | . . . . Reprogrammed . | . . . . Reused . | . . . . Traps Extracted . | . . . . Installed . | . . . . Triggered . | . . . . Machines | -11 -10 -10 -10 ---------- Run | Yrd Mat Min Exi Machines Disabled 10 | . . 9 1 Max in Single Turn 7 | . . 7 1 Machines Repaired . | . . . . Machines Dismantled . | . . . . Machines Sabotaged . | . . . . Overloaded Fab Kills . | . . . . Hacking | -11 -10 -10 -10 --------- Run | Yrd Mat Min Exi Machines Accessed 7 | . 5 1 1 Terminals 5 | . 5 . . Fabricators . | . . . . Repair Stations . | . . . . Recycling Units . | . . . . Scanalyzers . | . . . . Garrison Access . | . . . . Total Hacks 18 | . 16 1 1 Successful 6 | . 4 1 1 Failed 12 | . 12 . . Catastrophic 3 | . 3 . . Database Lockouts . | . . . . Manual 9 | . 8 . 1 Terminals 16 | . 16 . . Fabricators . | . . . . Repair Stations . | . . . . Recycling Units . | . . . . Scanalyzers . | . . . . Garrison Access . | . . . . Terminal Hacks 6 | . 4 1 1 Prototype ID Bank 1 | . 1 . . Open Door 1 | . . 1 . Alert Level 1 | . 1 . . Locate Traps 2 | . 2 . . Derelict Proto ID Bank 1 | . . . 1 Fabricator Hacks . | . . . . Repair Station Hacks . | . . . . Recycling Unit Hacks . | . . . . Scanalyzer . | . . . . Garrison Access Hacks . | . . . . Unauthorized Hacks . | . . . . Terminals . | . . . . Fabricators . | . . . . Repair Stations . | . . . . Recycling Units . | . . . . Scanalyzers . | . . . . Garrison Access . | . . . . Data Cores Recovered . | . . . . Used . | . . . . Hacking Detections 5 | . 5 . . Full Trace Events 4 | . 4 . . Feedback Events . | . . . . Feedback Blocked . | . . . . Robot Schematics Acquired . | . . . . Robots Built . | . . . . Authchips . | . . . . Time . | . . . . Total Robot Build Rating . | . . . . Part Schematics Acquired . | . . . . Parts Built . | . . . . Authchips . | . . . . Time . | . . . . Total Part Build Rating . | . . . . Parts Repaired . | . . . . Time . | . . . . Parts Recycled . | . . . . Recycled Matter . | . . . . Retrieved Matter . | . . . . Retrieved Components . | . . . . Parts Scanalyzed . | . . . . Part Schematics Acquired . | . . . . Parts Damaged . | . . . . Bothacking | -11 -10 -10 -10 ------------ Run | Yrd Mat Min Exi Used RIF Installer . | . . . . Robots Hacked 4 | . . . 4 Non-combat 3 | . . . 3 Combat 1 | . . . 1 Robot Hacks Applied 4 | . . . 4 parse_system 4 | . . . 4 Relay Couplers Released . | . . . . Fabnet Peak Effective % . | . . . . Robots Rewired . | . . . . Allies Hacked . | . . . . Hacks Repelled . | . . . . Allies | -11 -10 -10 -10 -------- Run | Yrd Mat Min Exi Total Allies . | . . . . Largest Group . | . . . . Highest-Rated Group . | . . . . Highest-Rated Ally . | . . . . Total Orders . | . . . . Ally Attacks . | . . . . Total Damage . | . . . . Kills . | . . . . Allies Corrupted . | . . . . Allies Melted . | . . . . Intel | -11 -10 -10 -10 ------- Run | Yrd Mat Min Exi Robot Analysis Total . | . . . . Derelict Logs Recovered 2 | . . 2 . Drone Launches . | . . . . Drone Recoveries . | . . . . Exploration | -11 -10 -10 -10 ------------- Run | Yrd Mat Min Exi Turns Passed 2907 | 88 1046 1188 585 Spaces Moved 1902 | 58 757 632 455 Core 5 | 4 . . 1 Treads 845 | . 263 446 136 Legs . | . . . . Wheels 1052 | 54 494 186 318 Hover . | . . . . Flight . | . . . . Fastest Speed 50 | 50 80 95 95 Average Speed 131 | 77 110 173 115 Slowest Speed 350 | 80 160 240 350 Overloaded Moves . | . . . . Propulsion Burnouts . | . . . . Robots Hopped . | . . . . Cave-ins Triggered . | . . . . Exploration Rate (%) 68 | 4 94 98 77 Regions Visited 3 Branch Regions 2 Pre-discovered Areas 1 | . . 1 . Known Exits Taken 1 | . . 1 . Unknown Exits Taken 2 | 1 1 . . Scrap Searched 1 | . . 1 . Spaces Dug . | . . . . Terrain Destroyed 84 | . 47 30 7 Melee . | . . . . Projectile . | . . . . AOE 84 | . 47 30 7 Terrain Rammed . | . . . . Walls Destroyed . | . . . . Machines Disabled . | . . . . Actions | -11 -10 -10 -10 --------- Run | Yrd Mat Min Exi Total 2170 | 79 887 695 509 Wait 76 | 2 55 17 2 Move 1899 | 57 756 631 455 Hop . | . . . . Pick Up 39 | 4 12 8 15 Fast Attach 11 | 7 1 3 . Attach 6 | . 1 3 2 Detach 2 | . . 1 1 Swap 19 | . 9 5 5 Drop 30 | . 4 9 17 Fire 82 | 9 49 18 6 Melee 6 | . . . 6 Ram . | . . . . Kick . | . . . . Crush . | . . . . Escape Stasis . | . . . . Rewire . | . . . . Trap . | . . . . Miscellaneous . | . . . . Route ------- -11/Scrapyard -10/Materials (discovered 4 exits: [*Mat x2] / *Min / [*Sub]) -10/Mines (discovered 3 exits: [*Mat x2] / *Exi) -10/Exiles (discovered 1 exit: [*Min]) History --------- Turn | Location | Event 18 | -11/Scrapyard | Discovered new exit (range 16) 89 | -11/Scrapyard | Entered Materials 100 | -10/Materials | Discovered new exit (range 16) 312 | -10/Materials | Build established: Mutant 420 | -10/Materials | Discovered new exit (range 9) 900 | -10/Materials | Discovered new exit (range 7) 1056 | -10/Materials | Discovered new exit (range 9) 1135 | -10/Materials | Entered Mines 1237 | -10/Mines | Identified exit to Exiles 1553 | -10/Mines | Learned location of Storage (-7) 1560 | -10/Mines | Discovered new exit (range 9) 1913 | -10/Mines | Met a Derelict who couldn't figure out how to use a Trap Extractor 2114 | -10/Mines | Discovered new exit (range 10) 2318 | -10/Mines | Deemed a non-threat by the Exiles lab entrance 2323 | -10/Mines | Entered Exiles 2338 | -10/Exiles | Discovered new exit (range 15) 2357 | -10/Exiles | Met 8R-AWN 2381 | -10/Exiles | Met EX-HEX 2417 | -10/Exiles | Met EX-DEC 2455 | -10/Exiles | Visited The Gauntlet 2566 | -10/Exiles | Met EX-BIN 2583 | -10/Exiles | Aligned with FarCom system 2584 | -10/Exiles | Given EX-Vault access code 2627 | -10/Exiles | Opened EX-Vault 2661 | -10/Exiles | Found PSU Rigger 2663 | -10/Exiles | Found AWS/Gauss 2667 | -10/Exiles | Found AWS/Thermal 2700 | -10/Exiles | Warned to stay clear of 0b10 Research branches 2703 | -10/Exiles | Exiles lab attacked by MAIN.C 2895 | -10/Exiles | Core integrity fell below 50% 2904 | -10/Exiles | Destroyed 15 combat bots 2906 | -10/Exiles | Core integrity fell below 20% 2908 | -10/Exiles | Destroyed by H-55 Commando with Gauss Rifle Last Messages --------------- 02872_ H-55 Commando destroyed. 02872_ G-34 Mercenary destroyed. 02875_ Destroyed Ion Engine. 02875_ Destroyed Aluminum Leg. 02875_ G-34 Mercenary destroyed. 02880_ Penetrated by Slug. 02883_ L-31 Rogue destroyed. 02886_ Penetrated by Slug. 02889_ Slug penetrates Machine. 02896_ Grenade Launcher destroyed. 02898_ Machine disabled. 02899_ Penetrated by Slug. 02899_ Grenade Launcher destroyed. 02901_ Slug penetrates Machine. 02902_ Lgt. Treads destroyed. 02904_ Penetrated by Slug. 02904_ Ion Engine destroyed. 02906_ Acquired 1 matter. 02906_ Lgt. Treads destroyed. 02907_ Penetrated by Slug. Map ----- +----------------------------------------------------+ | ?????????????????????#""X" #?????????????? | | ?????????????????????#" #?????????????? | | ?????????????????????#" ## #?????????????? | | ?????????????????????#""""""## #?#########???? | | ?????????????????????##"###### #?#"""""""#???? | | ????????????????????? "?????# #?#"""""""#???? | | ????????????????????"""??????# #?#"""""""#???? | | ????????????????????"""?????## ###"" """"#???? | | ????????????????????????????#" """"#???? | | ????????????????????????????#" """#???? | | ????????????????????????????#" """#???? | | ????????????????????????????#" """#???? | | ????????????????????????????#" """#???? | | ????????????????????????????#" """##??? | | ????????????????????????????## """""??? | | ?????????????????????????????# """##??? | | ?????????????????????????????# "X" """""??? | | ?????????????????????????????# """ # ??? | | ??????????????? ???????????# """""""""#???? | | ???????????????" ??????????## ###########???? | | ???????????????# #????????## " #?????????????? | | ?????????????### ##??###### #?????????????? | | ??????"""#####X# #"###"""""" ##????????????? | | ???? """ " " "" ############## | | ???? "" ##"""""""" | | ??? " @ " """ "" | | ???? !% [ = "" " | | ????# % !% = [ " | | ?????# * % [ | | ??????# !%% [ [ = | | ???????#" *%=%% %== | | ???????#""" %"" *= | | ??????##" g p #### #"" h | | ??????#"" p ##???######""" | | ?????##""" h #?????????##""" | | ?????#""" p"b ???????????#"""" | | ?????#""" p""##???????????#"" | | ?????#"" ###?####??????"""" | | ?????#""" ## ###????? | | ?????#"" """???? | | ?????##"" ??? | | ??????#"""" ??? | | ??????## ??? " | | ???????#" " ????? """ | | ???????#"""" ""## ??????? " ""#" | | ???????#"" ""###??????????"? "??##"" | | ???????#" """"##???????????????????### | | ???????#""" """#??????????????????????? | | ???????## ""##??????????????????????? | | ????????#"" """##???????????????????????? | +----------------------------------------------------+ Best States ------------- Heat Dissipation 25 Energy Generation 10 Energy Capacity 250 Matter Stores 300 Matter Capacity 300 Sight Range 16 Terrain Scan Density 10 Armor Coverage 150 Evasion (%) 44 Recoil Reduction 2 Item Schematics ----------------- None Robot Schematics ------------------ None Fabricated ------------ Nothing Alien Tech Used ----------------- None Achievements -------------- None Challenges ------------ None Game ------ Seed DrainedBraceMeganuke Manual? 0 Play Time 00:28:13 Cumulative 22.7 hours Start 2024.08.20 @ 23:50:53 End 2024.08.21 @ 00:18:05 Sessions 1 Manual Loads 0 Difficulty Rogue Special Mode None Game No. 11 Rogue 11 Adventurer 0 Explorer 0 Win Type - Total 0 Types 0/0/0/0/0/0/0/0/0 Lore% 25 Gallery% 36 Achievement% 34 Wizard Run 0 Options --------- Layout 0 ASCII 0 Keyboard 0 Movement Mouse Keybinds 0 Fullscreen 1 Font 24/Smallcaps Map View 183x50 Zoom Use 0% Tactical HUD 1 Map Filters NONE Filters NONE Steam 0 RUN: cbb3a07a-99e8-463b-a3d6-78b3f1425dae